 Dungeon Crawl Stone Soup version 0.24-a0-243-g8f5f5cd (webtiles) character file.

Game seed: 12990529783983226222

7550 xeno23 the Covert (level 11, -1/75 HPs)
             Began as an Octopode Assassin on Apr 9, 2019.
             Was a Believer of Uskayaw.
             Slain by a manticore (12 damage)
             ... on level 10 of the Dungeon.
             The game lasted 00:26:25 (8830 turns).

xeno23 the Covert (Octopode Assassin)               Turns: 8830, Time: 00:26:26

Health: -1/75      AC:  2    Str: 16    XL:     11   Next: 17%
Magic:  15/17      EV: 13    Int: 18    God:    Uskayaw [**....]
Gold:   795        SH:  0    Dex: 16    Spells: 15/18 levels left

rFire    + . .     SeeInvis .   d - +2 dagger "Cegakics" {pierce, +Inv rF+}
rCold    + . .     Gourm    .   (no shield)
rNeg     . . .     Faith    .   p - +1 hat
rPois    .         Spirit   .   (no amulet)
rElec    .         Reflect  .   F - +4 ring of strength
rCorr    .         Harm     .   w - +5 ring of intelligence
MR       .....                  P - ring of protection from cold
Stlth    ++++++....             (no ring)
HPRegen  0.22/turn              (no ring)
MPRegen  0.15/turn              (no ring)
                                (no ring)
                                (no ring)

@: very slightly contaminated, invisible
A: almost no armour, stealthy swim, amphibious, 8 rings, constrict 8, camouflage
1, gelatinous body 1
a: Stomp, Line Pass, Renounce Religion


You were on level 10 of the Dungeon.
You worshipped Uskayaw.
Uskayaw was noncommittal.
You were very hungry.

You visited 2 branches of the dungeon, and saw 11 of its levels.

You collected 795 gold pieces.

Inventory:

Hand Weapons
 a - a +4 dagger of draining
 d - the +2 dagger "Cegakics" (weapon) {pierce, +Inv rF+}
   (You found it on level 7 of the Dungeon)

   It inflicts extra damage upon your enemies.
   It protects you from fire.
   It lets you turn invisible.
 e - the +4 spear "Miuderat" {venom, Str+3}
   (You found it on level 6 of the Dungeon)

   It poisons the flesh of those it strikes.
   It affects your strength (+3).
 s - a +0 blowgun
 v - the +9 dagger "Veguemn" {flame, Dex+2}
   (You found it on level 4 of the Dungeon)

   It has been specially enchanted to burn those struck by it, causing extra
   injury to most foes and up to half again as much damage against particularly
   susceptible opponents.
   It affects your dexterity (+2).
 H - a +2 hand axe of electrocution
 L - the +8 hand axe "Del Zog" {chop, rElec}
   (You found it on level 7 of the Dungeon)

   It inflicts extra damage upon your enemies.
   It insulates you from electricity.
Missiles
 c - 36 poisoned needles
 q - 4 needles of sleeping
 A - 7 needles of frenzy
 I - 2 curare-tipped needles
 K - 6 throwing nets (quivered)
Armour
 p - a +1 hat (worn)
Jewellery
 w - a +5 ring of intelligence (right tentacle)
 F - a +4 ring of strength (left tentacle)
 P - a ring of protection from cold (on tentacle)
Wands
 i - a wand of random effects (36)
 E - a wand of flame (32)
 O - a wand of acid (4)
Scrolls
 g - 2 scrolls of identify
 h - 5 scrolls of teleportation
 k - 2 scrolls of blinking {unknown}
 l - 3 scrolls of random uselessness {unknown}
 m - 3 scrolls of amnesia {unknown}
 t - a scroll of noise {unknown}
 x - a scroll of enchant weapon {unknown}
 y - 3 scrolls of enchant armour {unknown}
 z - 2 scrolls of remove curse {unknown}
 C - 2 scrolls of immolation {unknown}
 J - 4 scrolls of magic mapping {unknown}
 M - a scroll of fog {unknown}
 N - a scroll of holy word {unknown}
Potions
 b - 2 potions of magic {unknown}
 j - 3 potions of curing
 n - 3 potions of heal wounds
 o - 2 potions of lignification
 r - a potion of ambrosia {unknown}
 u - a potion of brilliance {unknown}
 B - 3 potions of flight {unknown}
 D - a potion of haste {unknown}
 G - 2 potions of might {unknown}
Comestibles
 f - 31 rations
 Q - 3 chunks of flesh


   Skills:
 + Level 7.1 Fighting
 * Level 9.9 Short Blades
 - Level 2.0 Throwing
 - Level 1.0 Dodging
 + Level 10.9 Stealth
 + Level 4.0 Spellcasting
 * Level 6.3 Hexes
 * Level 6.5 Evocations


You had 15 spell levels left.
You knew the following spells:

 Your Spells              Type           Power        Failure   Level  Hunger
a - Confuse               Hex            ####....     3%          3    ###....

Your spell library contained the following spells:

 Spells                   Type           Power        Failure   Level  Hunger
 Confusing Touch          Hex            ####..       1%          1    None
 Gell's Gravitas          Tloc           #.........   41%         3    ###....
 Metabolic Englaciation   Hex/Ice        ###.......   73%         5    ######.
 Yara's Violent Unravell  Hex/Tmut       ###.......   73%         5    ######.
 Petrify                  Tmut/Erth      #.......     82%         4    ####...


Dungeon Overview and Level Annotations

Branches:
Dungeon (10/15)            Temple (1/1) D:6            Lair (0/6) D:9
    Orc: D:9-12

Altars:
Ashenzari
Cheibriados
Dithmenos
Elyvilon
Fedhas
Gozag
Hepliaklqana
Kikubaaqudgha
Makhleb
Nemelex Xobeh
Okawaru
Qazlal
Ru
Sif Muna
Trog
Uskayaw
Vehumet
Wu Jian
Xom
Yredelemnul
Zin
The Shining One


Innate Abilities, Weirdness & Mutations

You cannot wear most types of armour.
You are very stealthy in the water. (Stealth+)
You are amphibious.
You can wear up to eight rings at the same time.
You can use your tentacles to constrict eight enemies at once.
Your skin changes colour to match your surroundings (Stealth+).
Your rubbery body absorbs attacks. (AC +1, EV +1)


Message History

You are very lightly contaminated with residual magic.
You feel somewhat more hungry.
The worker ant twitches its antennae in your direction.
You hit the manticore but do no damage.
You strike the helpless manticore from behind!
You skewer the manticore like a kebab!!!
Your squeeze misses the manticore.
The manticore is almost dead.
The manticore bites you!! The manticore claws you!
The manticore claws you but does no damage.
You can now pass through a line of other dancers.
You take 35 damage.
You completely miss the manticore. You squeeze the manticore.
The manticore is almost dead.
You hit the manticore but do no damage. Your squeeze misses the manticore.
The manticore is almost dead.
The manticore bites you!!
* * * LOW HITPOINT WARNING * * *
The manticore claws you!
You die...

.. ##
#.....#######....
#..#.
####..>'.....#....
#..).
##..##..#####.'....
.##...##....##.#
###....
..#...#).....#.#
#....
..##.##.)##..###
#.... ##
#..#.#..####.?#
#.... o
#..#.#..#.H#..#
##### #/
#o#..#.#..#@##..#
#..#o#...#...#.#..##
#..o.#...#...#....#
##...#...##..##
#####....#....####
#.........#..#......
#.....)...#.##......
###)........#.#
.....
..))......).#.#
....$


You could see a manticore.

Vanquished Creatures
  Harold (D:7)
  2 two-headed ogres
  A hornet (D:8)
  Sigmund (D:3)
  A vampire (D:9)
  A human (D:8)
  3 yaks (D:9)
  2 orc warriors
  A sky beast (D:8)
  2 eyes of draining (D:4)
  2 phantoms
  2 necrophages
  7 ogres
  A centaur (D:6)
  2 big kobolds
  3 bullfrogs
  A water moccasin zombie (D:6)
  6 scorpions
  4 killer bees (D:9)
  4 wights (D:8)
  A howler monkey (D:7)
  6 crimson imps
  A centaur zombie (D:9)
  A bullfrog zombie (D:8)
  5 hounds
  4 jellies
  A centaur skeleton (D:10)
  7 orc priests
  A gnoll shaman (D:7)
  9 orc wizards
  Jessica (D:3)
  A hell rat (D:7)
  4 iguanas
  8 worker ants
  A howler monkey zombie (D:4)
  3 worker ant zombies
  10 river rats
  15 adders
  16 gnolls
  2 oozes
  2 adder zombies
  2 dart slugs
  3 worms
  3 leopard geckos
  22 orcs
  6 giant cockroaches
  8 goblins
  3 hobgoblins
  9 jackals
  9 quokkas
  5 ball pythons
  7 bats
  A frilled lizard (D:4)
  18 kobolds
  A leopard gecko skeleton (D:6)
  A quokka skeleton (D:4)
  32 rats
  A plant (D:1)
277 creatures vanquished.

Notes
Turn   | Place    | Note
-------+----------+-------------------------------------------
     0 | D:1      | xeno23 the Octopode Assassin began the quest for the Orb.
     0 | D:1      | Reached XP level 1. HP: 14/14 MP: 1/1
   353 | D:1      | Reached XP level 2. HP: 6/19 MP: 2/2
  1274 | D:2      | Reached XP level 3. HP: 25/25 MP: 3/3
  1360 | D:2      | Found a shattered altar of Ashenzari.
  1702 | D:2      | Reached XP level 4. HP: 24/30 MP: 4/4
  1842 | D:3      | Reached skill level 6 in Stealth
  1861 | D:3      | Noticed Jessica
  1875 | D:3      | Killed Jessica
  1881 | D:3      | Reached XP level 5. HP: 35/36 MP: 5/5
  1884 | D:3      | Found a blossoming altar of Fedhas.
  1885 | D:3      | Noticed Sigmund
  2106 | D:3      | Found a white marble altar of Elyvilon.
  2512 | D:4      | Found a basalt altar of Yredelemnul.
  2526 | D:4      | Reached XP level 6. HP: 26/42 MP: 6/6
  2528 | D:4      | Got a crude dagger
  2529 | D:4      | Identified the +9 dagger "Veguemn" {flame, Dex+2} (You
                  | found it on level 4 of the Dungeon)
  2663 | D:4      | Reached skill level 7 in Stealth
  2683 | D:4      | Reached skill level 5 in Short Blades
  2781 | D:4      | Found a bloodstained altar of Trog.
  2781 | D:4      | Noticed an eye of draining
  2781 | D:4      | Noticed an eye of draining
  2795 | D:4      | Killed an eye of draining
  2795 | D:4      | Reached XP level 7. HP: 48/48 MP: 0/7
  3191 | D:5      | Entered Level 5 of the Dungeon
  3255 | D:5      | Found a glowing silver altar of Zin.
  3484 | D:5      | Reached skill level 8 in Stealth
  3493 | D:5      | Reached XP level 8. HP: 54/54 MP: 8/8
  3642 | D:6      | Reached skill level 5 in Fighting
  3954 | D:6      | Reached skill level 9 in Stealth
  4280 | D:6      | Learned a level 3 spell: Confuse
  4285 | D:6      | Found a hazy altar of Hepliaklqana.
  4603 | D:6      | Reached skill level 1 in Hexes
  4616 | D:6      | Found a staircase to the Ecumenical Temple.
  4623 | D:6      | Got a steaming spear
  4635 | Temple   | Entered the Ecumenical Temple
  5229 | D:6      | Identified the +4 spear "Miuderat" {venom, Str+3} (You
                  | found it on level 6 of the Dungeon)
  5279 | D:6      | Reached skill level 1 in Spellcasting
  5461 | D:7      | Found a burning altar of Makhleb.
  5461 | D:7      | Found a snail-covered altar of Cheibriados.
  5521 | D:7      | Reached XP level 9. HP: 56/62 MP: 10/10
  5532 | D:7      | Found a radiant altar of Vehumet.
  5535 | D:7      | Got a crude dagger
  5538 | D:7      | Identified the +2 dagger "Cegakics" {pierce, +Inv rF+} (You
                  | found it on level 7 of the Dungeon)
  5698 | D:7      | Noticed Harold
  5704 | D:7      | Reached skill level 1 in Evocations
  5722 | D:7      | Killed Harold
  5982 | D:7      | Found a sacrificial altar of Ru.
  6136 | D:7      | Got a crystal hand axe
  6641 | D:3      | Killed Sigmund
  6732 | D:8      | Reached XP level 10. HP: 65/68 MP: 13/13
  6765 | D:8      | Reached skill level 10 in Stealth
  7191 | D:8      | Noticed a two-headed ogre
  7192 | D:8      | Identified the +8 hand axe "Del Zog" {chop, rElec} (You
                  | found it on level 7 of the Dungeon)
  7302 | D:8      | Found a hide-covered altar of Uskayaw.
  7316 | D:8      | Became a worshipper of Uskayaw the Reveler
  7424 | D:8      | Reached * piety under Uskayaw
  7626 | D:8      | Reached skill level 5 in Hexes
  7634 | D:8      | Reached ** piety under Uskayaw
  7720 | D:8      | Killed a two-headed ogre
  7720 | D:8      | Reached skill level 5 in Evocations
  7720 | D:8      | Reached *** piety under Uskayaw
  7977 | D:9      | Reached **** piety under Uskayaw
  8029 | D:9      | Found a staircase to the Lair.
  8057 | D:9      | Reached ***** piety under Uskayaw
  8256 | D:9      | Found an opulent altar of Gozag.
  8257 | D:9      | Noticed a two-headed ogre
  8266 | D:9      | Killed a two-headed ogre
  8266 | D:9      | Reached XP level 11. HP: 55/75 MP: 13/16
  8568 | D:10     | Entered Level 10 of the Dungeon
  8804 | D:10     | Noticed a manticore
  8830 | D:10     | Slain by a manticore

Levels and vault maps discovered:
D:1:      ebering_trefoil_3fold, layout_basic, serial_forest,
          infiniplex_forest_clump_small, infiniplex_forest_lined_room_2,
          infiniplex_forest_straight_1, infiniplex_forest_clump_diagonal,
          infiniplex_forest_lined_2, infiniplex_forest_lined_room_2,
          infiniplex_forest_clump_double, minmay_octomino_j4
D:2:      layout_loops_ring, evilmike_ruin_ashenzari
D:3:      layout_basic, nicolae_overflow_hidden_temple, lemuel_doored_altar,
          uniq_sigmund, uniq_jessica
D:4:      layout_gridville, nicolae_overflow_crystal_walls,
          trog_eyes_of_draining
D:5:      layout_rooms, kennysheep_mini, first_ration
D:6:      layout_basic, kennysheep_little_box, minmay_temple_entry_fiery,
          portal_sewer_entry_e, st_stairs_13, hex_large
D:7:      lemuel_ratsnest, layout_gridville, nicolae_ru_the_path_less_chosen,
          overflow_temple_1_default, overflow_temple_1_default,
          cheibriados_altar_1, uniq_harold
D:8:      layout_loops_ring, kennysheep_mini_moat, grunt_pizzeria
D:9:      layout_basic, nicolae_gozag_cash_rules_everything_around_me,
          lair_entry_dummy
D:10:     layout_roguey, special_room [special_room_orc], minmay_puff
Temple:   chequers_temple_sunken

Skill      XL: |  1  2  3  4  5  6  7  8  9 10 11 |
---------------+----------------------------------+-----
Short Blades   | 3 4 5 6 7 8 9 |  9.9
Stealth        | 6 7 8 9 10 | 10.9
Fighting       | 3 4 5 6 7 |  7.1
Hexes          | 2 4 6 |  6.3
Spellcasting   | 1 2 3 4 |  4.0
Evocations     | 4 6 |  6.5
Throwing       | |  2.0
Dodging        | |  1.0

Action                   |  1- 3 |  4- 6 |  7- 9 | 10-12 || total
-------------------------+-------+-------+-------+-------++-------
Melee: Dagger            |    99 |    83 |   237 |   188 ||   607
       Tentacles         |    15 |     9 |    52 |    46 ||   122
       Constrict         |    12 |    18 |    50 |    38 ||   118
 Fire: Blowgun           |       |       |     1 |       ||     1
 Abil: Evoke Invisibilit |       |       |     1 |     7 ||     8
  Use: Scroll            |       |       |     6 |       ||     6
       Potion            |       |       |       |     1 ||     1
 Stab: Sleeping          |    12 |    17 |    26 |    16 ||    71
       Distracted        |       |     1 |     1 |     1 ||     3
       Invisible         |       |       |     9 |    13 ||    22
       Paralysed         |       |       |       |     4 ||     4
  Eat: Chunk             |     2 |     3 |    10 |     8 ||    23
       Ration            |       |       |     1 |       ||     1
Armor: Skin              |     9 |     8 |    10 |     4 ||    31
Dodge: Dodged            |    27 |    37 |    81 |    61 ||   206

Table legend:
 A = Non-vault XP
 B = Vault XP
 C = Vault XP percentage of total XP
 D = Non-vault monster count
 E = Vault monster count
 F = Vault count percentage of total count
                 A         B        C        D         E       F
            +---------+---------+-------+---------+---------+-------
      Total |    8629 |    2157 |  20.0 |     222 |      54 |  19.6
            +---------+---------+-------+---------+---------+-------
        D:1 |      23 |       6 |  20.7 |      12 |       4 |  25.0
        D:2 |      53 |       0 |   0.0 |      17 |       0 |   0.0
        D:3 |     109 |     257 |  70.2 |      25 |       2 |   7.4
        D:4 |     437 |     257 |  37.0 |      18 |       4 |  18.2
        D:5 |     290 |       0 |   0.0 |       9 |       0 |   0.0
        D:6 |     991 |     109 |   9.9 |      28 |       9 |  24.3
        D:7 |     669 |    1332 |  66.6 |      29 |      34 |  54.0
        D:8 |    2643 |     196 |   6.9 |      41 |       1 |   2.4
        D:9 |    2781 |       0 |   0.0 |      30 |       0 |   0.0
       D:10 |     633 |       0 |   0.0 |      13 |       0 |   0.0
            +---------+---------+-------+---------+---------+-------
